Map: Efflorescence LE

Players

Flare - Winner!

  • Race: Protoss Protoss
  • Spawn Location: 9:00

EpikPhail - Winner!

  • Race: Protoss Protoss
  • Spawn Location: 6:00

Klubnacht

  • Race: Terran Terran
  • League: Diamond
  • Spawn Location: 12:00

Snadbad

  • Race: Protoss Protoss
  • League: Gold
  • Spawn Location: 3:00

VOD

Have the link to the VOD?

Description

Time

  • Played on: July 13, 2020, 1:03 a.m.
  • Length: 10:01
Show
View Real Time Build Order
Export as new Build Order

Flare Protoss - Winner!

Build Orders: Cannon Rush 

Get SALT Encoding   

  12  0:01  Probe  
  13  0:13  Probe  
  14  0:19  Pylon  
  14  0:25  Probe  
  15  0:37  Probe  
  15  0:41  Forge  
  16  1:00  Pylon  
  16  1:20  Pylon  
  16  1:23  Photon Cannon  
  16  1:27  Gateway  
  16  1:33  Pylon  
  16  1:42  Photon Cannon  
  15  1:57  Photon Cannon  
  14  2:04  Assimilator  
  14  2:22  Probe  
  15  2:27  Assimilator  
  15  2:28  Cybernetics Core  
  15  2:34  Zealot  
  15  2:35  Gateway  
  17  2:37  Probe  
  18  2:55  Warp Gate, Probe  
  18  2:57  Stalker  
  19  3:11  Probe  
  28  3:12  Stalker  
  22  3:23  Probe  
  25  3:28  Pylon  
  25  3:51  Probe  
  25  3:55  Stargate  
  26  4:03  Probe  
  27  4:11  Stalker  
  27  4:15  Probe  
  30  4:29  Oracle  
  30  4:36  Gateway, Probe  
  32  4:50  Probe  
  33  4:53  Pylon  
  33  4:55  Pylon  
  33  5:11  Oracle  
  34  5:33  Probe  
  35  5:38  Nexus  
  35  5:56  Oracle  
  36  6:07  Stalker x2  
  36  6:10  Probe  
  41  6:22  Pylon, Probe  
  42  6:34  Phoenix, Probe  
  43  6:46  Probe  
  46  6:49  Assimilator  
  46  6:54  Stargate  
  46  6:58  Phoenix, Probe  
  47  7:02  Probe  
  50  7:17  Fleet Beacon  
  50  7:43  Phoenix  
  52  7:49  Probe  
  53  7:53  Assimilator  
  53  7:59  Pylon  
  53  8:01  Probe  
  54  8:13  Probe  
  54  8:17  Phoenix x2  
  59  8:20  Anion Pulse-Crystals  
  59  8:56  Tempest x2, Probe x2  
  71  9:06  Probe  
  71  9:12  Nexus  
  71  9:14  Assimilator  
  72  9:18  Assimilator  
  72  9:29  Pylon  
Show
View Real Time Build Order
Export as new Build Order

EpikPhail Protoss - Winner!

Build Orders:  

Get SALT Encoding   

  1  0:00  Probe  
  13  0:14  Pylon  
  13  0:17  Probe  
  14  0:29  Probe  
  15  0:36  Forge  
  15  0:41  Probe  
  16  0:53  Probe  
  17  1:07  Pylon  
  17  1:10  Probe  
  17  1:14  Assimilator  
  17  1:18  Gateway  
  18  1:19  Probe  
  19  1:27  Probe  
  19  1:32  Photon Cannon  
  20  1:40  Photon Cannon  
  20  1:53  Probe  
  21  1:59  Pylon  
  21  2:02  Photon Cannon  
  21  2:16  Pylon  
  21  2:23  Gateway  
  21  2:26  Cybernetics Core  
  21  2:36  Photon Cannon  
  21  2:50  Pylon  
  21  2:59  Photon Cannon  
  21  3:03  Photon Cannon  
  21  3:05  Stalker  
  23  3:24  Pylon  
  23  3:27  Photon Cannon  
  23  3:42  Shield Battery  
  23  3:47  Shield Battery  
  23  3:52  Stalker  
  24  5:22  Robotics Facility  
  24  5:32  Pylon  
  22  5:37  Stalker  
  21  6:01  Stalker  
  21  6:02  Immortal  
  27  6:14  Assimilator  
  27  6:17  Probe  
  28  6:21  Stalker  
  28  6:29  Probe  
  30  6:42  Probe  
  31  6:51  Stalker  
  31  6:54  Probe  
  30  7:21  Stalker  
  32  7:38  Immortal  
  36  7:50  Stalker  
  34  8:45  Stalker  
  34  8:47  Immortal  
  38  9:15  Stalker  
Show
View Real Time Build Order
Export as new Build Order

Klubnacht Terran 

Build Orders:  

Get SALT Encoding   

  12  0:01  SCV  
  13  0:13  SCV  
  14  0:18  Supply Depot  
  14  0:25  SCV  
  15  0:40  SCV  
  15  0:42  Barracks  
  16  0:52  SCV, Refinery  
  17  1:04  SCV  
  18  1:16  SCV  
  19  1:28  SCV  
  20  1:40  Marine  
  20  1:41  SCV  
  20  1:42  Bunker  
  22  1:53  SCV  
  22  1:58  Supply Depot  
  22  2:14  Marine  
  22  2:36  Marine  
  23  2:41  Factory  
  23  2:48  SCV  
  24  3:00  SCV  
  25  3:13  Orbital Command  
  25  3:26  Barracks Reactor  
  25  3:32  Starport  
  25  3:37  Factory Tech Lab  
  25  3:43  SCV  
  26  3:55  SCV  
  27  4:03  Refinery  
  27  4:04  Marine x2  
  27  4:07  Barracks  
  27  4:09  Barracks  
  30  4:18  Supply Depot  
  30  4:22  Marine x2  
  31  4:39  Siege Tank  
  31  4:40  Marine x2  
  36  4:52  Barracks x2  
  36  4:54  Medivac  
  36  4:55  Marine  
  39  5:00  Supply Depot  
  39  5:04  Marine x3  
  42  5:13  Marine  
  43  5:40  SCV  
  38  5:52  Command Center  
  36  6:02  Barracks Tech Lab, Barracks Reactor  
  36  6:04  Barracks Reactor  
  36  6:09  Barracks Reactor  
  36  6:20  Marine  
  36  6:21  Marine  
  34  7:00  Siege Tank, Marine  
  34  7:09  SCV  
  35  7:21  SCV  
  36  7:30  Orbital Command  
  36  7:39  Stimpack  
  36  7:47  Marine x3  
  36  7:49  SCV  
  40  7:53  Engineering Bay  
  38  8:09  SCV  
  34  8:22  Missile Turret  
  32  8:40  Marine  
  27  9:00  Siege Tank  
  27  9:01  Marine  
  27  9:02  Marine x2  
  32  9:03  Marine x3  
  32  9:04  Marine  
  37  9:10  Marine  
  37  9:14  SCV  
  39  9:18  Medivac  
  39  9:19  Marine x2  
  35  9:34  Marine x3  
  35  9:35  Marine  
  35  9:37  Marine x2  
  35  9:38  Marine  
Show
View Real Time Build Order
Export as new Build Order

Snadbad Protoss 

Build Orders:  

Get SALT Encoding   

  12  0:00  Probe  
  13  0:13  Probe  
  14  0:20  Pylon  
  14  0:25  Probe  
  15  0:38  Probe  
  15  0:40  Gateway  
  16  0:50  Probe  
  16  0:53  Assimilator  
  16  0:56  Assimilator  
  17  1:02  Probe  
  18  1:13  Probe  
  18  1:16  Pylon  
  19  1:21  Probe  
  20  1:37  Cybernetics Core  
  20  1:39  Probe  
  21  1:51  Probe  
  22  1:54  Warp Gate  
  22  2:18  Gateway  
  22  2:19  Gateway  
  22  2:22  Gateway  
  22  2:23  Stalker  
  24  3:01  Stalker  
  26  3:36  Shield Battery  
  21  3:50  Stalker x4  
  19  4:23  Stalker  
  14  4:30  Stalker x2  
  4  5:28  Probe  
  5  5:39  Probe  
  6  5:48  Probe, Pylon  
  6  5:53  Gateway  
  6  5:56  Probe  
  8  6:06  Probe  
  10  6:18  Probe  
  10  6:25  Adept  
  10  6:30  Probe  
  13  6:42  Probe  
  10  6:55  Stalker  
  8  7:23  Stalker x2  
    8:09  Stalker  
Tags
 
Add a new tag
Caveats
  • Supply blocks, unpowered buildings, or Contaminate may cause inaccurate times.
  • Supply counts are checked every 10 seconds.